 Dungeon Crawl Stone Soup version 0.28-b1-25-g9875b3fc8c (webtiles) character file.

Game seed: 747072269710123702

32 Masnef the Quickloader (level 3, -4/28 HPs)
             Began as a Gnoll Wanderer on Feb 6, 2022.
             Slain by an iguana (11 damage)
             ... on level 5 of the Dungeon.
             The game lasted 00:02:17 (1826 turns).

Masnef the Quickloader (Gnoll Wanderer)             Turns: 1826, Time: 00:02:17

Health: -4/28      AC:  2    Str: 13    XL:     3   Next: 27%
Magic:  4/4        EV: 11    Int: 11    God:
Gold:   65         SH:  0    Dex: 11    Spells: 3/3 levels left

rFire   . . .      SeeInvis .   e - +1 dagger
rCold   . . .      Faith    .   (no shield)
rNeg    . . .      Spirit   .   f - +0 robe
rPois   .          Reflect  .   (no helmet)
rElec   .          Harm     .   (no cloak)
rCorr   .          Rampage  .   (no gloves)
Will    .....                   (no boots)
Stlth   +.........              (no amulet)
HPRegen 0.09/turn               (no ring)
MPRegen 0.09/turn               (no ring)

@: no status effects
A: fangs 1, strong nose, distributed training
a: no special abilities


You were on level 5 of the Dungeon.
You visited 1 branch of the dungeon, and saw 4 of its levels.

You collected 65 gold pieces.

Inventory:

Hand Weapons
 a - a +2 hand crossbow
 c - a +0 falchion
 e - a +1 dagger (weapon)
Missiles
 b - 24 bolts
 d - 11 poisoned darts (quivered)
Armour
 f - a +0 robe (worn)
 k - a +0 scale mail
Jewellery
 g - an amulet of reflection
Scrolls
 h - a scroll of identify
 i - a scroll of teleportation {unknown}
 j - a scroll of immolation {unknown}


   Skills:
 + Level 2.6 Fighting
 + Level 0.7 Short Blades
 + Level 2.6 Long Blades
 + Level 0.7 Axes
 + Level 0.7 Maces & Flails
 + Level 0.7 Polearms
 + Level 0.7 Staves
 + Level 0.7 Slings
 + Level 0.7 Bows
 + Level 8.5 Crossbows
 + Level 2.6 Throwing
 + Level 2.6 Armour
 + Level 0.7 Dodging
 + Level 0.7 Stealth
 + Level 0.7 Shields
 + Level 0.7 Unarmed Combat
 + Level 0.7 Spellcasting
 + Level 0.5 Conjurations
 + Level 0.5 Hexes
 + Level 0.5 Summonings
 + Level 0.5 Necromancy
 + Level 0.5 Translocations
 + Level 0.5 Transmutations
 + Level 0.5 Fire Magic
 + Level 0.5 Ice Magic
 + Level 0.5 Air Magic
 + Level 0.5 Earth Magic
 + Level 0.5 Poison Magic
 + Level 0.9 Invocations
 + Level 4.5 Evocations


You had 3 spell levels left.
You didn't know any spells.
Your spell library contained the following spells:

 Spells                   Type           Power      Damage    Failure   Level
 Sandblast                Erth           2%         2d4       26%         1
 Passwall                 Tmut/Erth      0%         N/A       38%         2
 Stone Arrow              Conj/Erth      2%         3d7       63%         3


Dungeon Overview and Level Annotations

Branches:
Dungeon (5/15)
 Temple: D:4-7

Altars:


Innate Abilities, Weirdness & Mutations

You have very sharp teeth.
Your uncanny sense of smell can sniff out nearby items.
Your experience applies equally to all skills.


Message History

There are no items here.
You see here a +0 scale mail.
k - a +0 scale mail
Found 14 stones.
A sourceless malevolence fills the Dungeon...
You fall into a shaft and drop 2 floors!
The shaft crumbles and collapses. 2 adders come into view.
Found a scroll of enchant weapon.
The adder hisses angrily.
Found a stone staircase leading down.
The adder hisses angrily.
Found a potion of heal wounds.
There is a stone staircase leading down here.
You climb downwards.
There is a stone staircase leading up here.
Found a mace.
The helpless iguana fails to defend itself.
You hit the iguana.
The iguana is moderately wounded.
The iguana bites you!
You hit the iguana.
The iguana is heavily wounded.
The iguana misses you.
You hit the iguana.
The iguana is severely wounded.
The iguana barely misses you.
You hit the iguana but do no damage.
The iguana is severely wounded.
You barely miss the iguana. Your bite misses the iguana.
The iguana is severely wounded.
The iguana bites you.
You hit the iguana but do no damage.
The iguana is severely wounded.
The iguana bites you.
* * * LOW HITPOINT WARNING * * *
You hit the iguana.
The iguana is almost dead.
The iguana bites you!
You die...

# .#
##.########..#
.)....l@.<.#
##.#######.......
##..... .... ...
.. .


You could see an iguana.

Vanquished Creatures
  A dart slug (D:1)
  2 bats
  5 endoplasms (D:1)
  A giant cockroach (D:2)
  3 goblins
  A hobgoblin (D:1)
  4 jackals (D:1)
  2 frilled lizards (D:1)
  4 kobolds (D:1)
  3 rats
26 creatures vanquished.

Notes
Turn   | Place    | Note
-------+----------+-------------------------------------------
     0 | D:1      | Masnef the Gnoll Wanderer began the quest for the Orb.
     0 | D:1      | Masnef set off with the following items: a +2 hand
                  | crossbow, 24 bolts, a +0 falchion, 11 poisoned darts, a +0
                  | dagger, a +0 robe
     0 | D:1      | Reached XP level 1. HP: 17/17 MP: 1/1
   396 | D:1      | Reached XP level 2. HP: 23/23 MP: 2/2
  1306 | D:1      | Reached XP level 3. HP: 6/28 MP: 3/3
  1800 | D:2      | Found a faded altar of an unknown god.
  1805 | D:2      | You fall into a shaft and drop 2 floors!
  1817 | D:5      | Entered Level 5 of the Dungeon
  1826 | D:5      | Slain by an iguana

Illustrated notes

Levels and vault maps discovered:
D:1:      dpeg_arrival_renting, layout_basic
D:2:      layout_basic, chequers_ecumenical_altar_simple
D:4:      layout_basic, uniq_blork_the_orc, uniq_grinder
D:5:      layout_rooms, nzn_hepliaklqana_mist_gate,
          gammafunk_ghost_abyssal_escape, serial_park_tiny_pond

Action                   || total
-------------------------++-------
Melee: Dagger            ||   135
       Bite              ||     8
       Punch             ||     4
  Use: Potion            ||     4
       Scroll            ||     2
 Stab: Sleeping          ||     2
Armor: Robe              ||    21
Dodge: Dodged            ||    97
